 Dungeon Crawl Stone Soup version 0.18-a0-1789-gbeff17f (webtiles) character file.

45 macross the Sneak (level 3, -1/18 HPs)
             Began as a Spriggan Assassin on Apr 21, 2016.
             Slain by macross's ghost (3 damage)
             ... on level 3 of the Dungeon.
             The game lasted 00:07:36 (1350 turns).

macross the Sneak (Spriggan Assassin)               Turns: 1350, Time: 00:07:36

Health: -1/18      AC:  3    Str:  7    XL:     3   Next: 42%
Magic:  4/4        EV: 13    Int: 12    God:
Gold:   49         SH:  0    Dex: 20    Spells: 0 memorised, 2 levels left

rFire  + . .     SeeInvis +     a - +2 dagger
rCold  x . .     Gourm    .     c - +0 robe
rNeg   . . .     Faith    .     (shield restricted)
rPois  .         Spirit   .     (helmet restricted)
rElec  .         Dismiss  .     d - +0 cloak
rCorr  .         Reflect  .     (gloves unavailable)
SustAt .         Harm     .     (boots unavailable)
MR     .....                    (no amulet)
Stlth  ++++......               t - ring of fire
                                p - +2 ring of dexterity

@: very quick, not resistant to hostile enchantments, stealthy
A: unfitting armour, see invisible, herbivore 3, speed 3, slow metabolism 2
a: no special abilities


You were on level 3 of the Dungeon.
You were not hungry.

You visited 1 branch of the dungeon, and saw 4 of its levels.

You collected 49 gold pieces.

Inventory:

Hand Weapons
 a - a +2 dagger (weapon)
 b - a +0 blowgun
 n - a +0 short sword
Missiles
 e - 16 poisoned needles (quivered)
 f - 2 curare-tipped needles
Armour
 c - a +0 robe (worn)
 d - a +0 cloak (worn)
Jewellery
 p - a +2 ring of dexterity (left hand)
 t - a ring of fire (right hand)
Scrolls
 u - a scroll of noise
Potions
 h - 2 potions of agility {unknown}
 i - a potion of magic {unknown}
 l - a potion of cure mutation {unknown}
 m - a potion of haste {unknown}
 s - a potion of berserk rage {unknown}
Comestibles
 g - 2 bread rations
 k - a fruit
 o - a royal jelly


   Skills:
 + Level 1.9 Fighting
 + Level 2.5 Short Blades
 + Level 2.0 Throwing
 + Level 2.8 Dodging
 + Level 6.8 Stealth


You had 2 spell levels left.
You didn't know any spells.

Dungeon Overview and Level Annotations

Branches:
Dungeon (4/15)
 Temple: D:4-7

Altars:

Annotations:
D:3 macross's ghost, weakling SpAs


Innate Abilities, Weirdness & Mutations

You are tiny and cannot use many weapons and most armour.
You have supernaturally acute eyesight.
You are a herbivore.
You cover ground extremely quickly.
You need consume almost no food.


Message History

Macross's ghost hits you.
* * * LOW HITPOINT WARNING * * *
The giant cockroach misses you.
Found a hunting sling.
Found a leather armour.
Found a stone staircase leading down.
Found an escape hatch in the ceiling.
As you read the scroll labeled QAIHA VASOESO, it crumbles to dust.
It is a scroll of identify.
Identify which item? (\ to view known items) (? for menu, Esc to quit)
u - a scroll of noise Macross's ghost closely misses you.
A hobgoblin comes into view.
Found a robe and 15 stones.
You see here a hunting sling.
The hobgoblin shouts!
You see here a leather armour.
Macross's ghost closely misses you.
There is a stone staircase leading down here.
Macross's ghost hits you.
You die...

...........###.######
#...................#
#............#.####.##
#.....................
...######.......#.#.##
...( ##.......#.#
.......)...#
........Ws##.#
........[@...#
.<......######
........# ........#
......... .(....[g#
......... ........#


You could see macross's ghost and a giant cockroach.

Vanquished Creatures
  An adder (D:3)
  An ooze (D:1)
  A worm (D:2)
  2 giant geckos
  An orc (D:3)
  2 goblins (D:1)
  4 hobgoblins
  2 ball pythons (D:1)
  4 bats
  A giant newt (D:1)
  3 kobolds
  4 rats
26 creatures vanquished.

Notes
Turn   | Place    | Note
--------------------------------------------------------------
     0 | D:1      | macross the Spriggan Assassin began the quest for the Orb.
     0 | D:1      | Reached XP level 1. HP: 10/10 MP: 2/2
    33 | D:1      | Reached skill level 6 in Stealth
   390 | D:1      | Reached XP level 2. HP: 14/14 MP: 3/3
   806 | D:2      | Found a faded altar to an unknown god.
   870 | D:3      | Reached XP level 3. HP: 16/18 MP: 4/4
  1186 | D:3      | Noticed macross's ghost (weakling SpAs)
  1350 | D:3      | Slain by macross's ghost

Vault maps used:
D:1:      tarquinn_simple_flora_water_a, minmay_liquid_box, st_stairs_5
D:2:      ecumenical_altar_1
D:3:      first_bread
D:4:      overflow_temple_1_default

Skill      XL: |  1  2 |
---------------+-------+-----
Stealth        | 6 |  6.8
Dodging        | 2 |  2.8
Fighting       | |  1.9
Short Blades   | |  2.5
Throwing       | |  2.0

Action                   || total
-------------------------++-------
Melee: Dagger            ||    78
  Use: Scroll            ||     3
 Stab: Sleeping          ||     7
  Eat: Fruit             ||     1
Armor: Robe              ||    18
Dodge: Dodged            ||    84
